 Dungeon Crawl Stone Soup version 0.25.1-2-g60ff931df9 (webtiles) character file.

Game seed: 8778468238620723826

32 Asymodius the Skirmisher (level 3, 0/30 HPs)
             Began as a Demonspawn Chaos Knight on Oct 26, 2020.
             Was a Plaything of Xom.
             Slain by an adder (1 damage)
             ... on level 2 of the Dungeon.
             The game lasted 00:05:45 (1373 turns).

Asymodius the Skirmisher (Demonspawn Chaos Knight)  Turns: 1373, Time: 00:05:45

Health: 0/30       AC: 11    Str: 13    XL:     3   Next: 10%
Magic:  3/3        EV:  8    Int: 13    God:    Xom [*.....]
Gold:   27         SH:  6    Dex: 12    Spells: 2/2 levels left

rFire    . . .     SeeInvis .   a - +0 mace (chaos)
rCold    . . .     Gourm    .   d - +0 kite shield
rNeg     . . .     Faith    .   b - +2 leather armour
rPois    .         Spirit   .   (no helmet)
rElec    .         Reflect  .   (no cloak)
rCorr    .         Harm     .   (no gloves)
MR       .....                  (no boots)
Stlth    +.........             (no amulet)
HPRegen  0.10/turn              e - ring of wizardry
MPRegen  0.08/turn              (no ring)

@: lethally poisoned (0 -> -3), sanguine armour
A: sanguine armour 1
a: Renounce Religion


You were on level 2 of the Dungeon.
You worshipped Xom.
You were a special plaything of Xom.
You were not hungry.

You visited 1 branch of the dungeon, and saw 2 of its levels.

You collected 27 gold pieces.

Inventory:

Hand Weapons
 a - a +0 mace of chaos (weapon)
Armour
 b - a +2 leather armour (worn)
 d - a +0 kite shield (worn)
 h - a +0 scale mail
Jewellery
 e - a ring of wizardry (left hand)
Scrolls
 f - a scroll of identify
 g - 2 scrolls of teleportation
Comestibles
 c - a ration


   Skills:
 + Level 3.7 Fighting
 + Level 3.1 Maces & Flails
 + Level 2.0 Armour
 + Level 1.0 Dodging


You had 2 spell levels left.
You didn't know any spells.
Your spell library was empty.

Dungeon Overview and Level Annotations

Branches:
Dungeon (2/15)

Altars:
Vehumet


Innate Abilities, Weirdness & Mutations

When seriously injured, your bleeding wounds create armour. (AC +6)


Message History

The floor.
You closely miss the adder.
The adder is severely wounded.
You block the adder's attack. The adder barely misses you.
You closely miss the adder.
The adder is severely wounded.
You feel sick. The adder bites you but does no damage.
You closely miss the adder.
The adder is severely wounded.
You feel sick. You block the adder's attack. x2
You barely miss the adder.
The adder is severely wounded.
The adder bites you.
* * * LOW HITPOINT WARNING * * *
The adder barely misses you.
You miss the adder.
The adder is severely wounded.
* * * LOW HITPOINT WARNING * * *
You feel sick. The adder closely misses you. The adder bites you.
You die... ######### #@S...... ##.###### .# .# .# .# .. ##

You could see an adder (strong).

Vanquished Creatures
  An adder (D:2)
  A dart slug (D:1)
  3 bats (D:1)
  3 giant cockroaches (D:1)
  2 goblins (D:1)
  2 hobgoblins (D:1)
  2 kobolds
  3 frilled lizards (D:1)
  5 rats (D:1)
22 creatures vanquished.

Notes
Turn   | Place    | Note
-------+----------+-------------------------------------------
     0 | D:1      | Asymodius the Demonspawn Chaos Knight began the quest for
                  | the Orb.
     0 | D:1      | Reached XP level 1. HP: 18/18 MP: 1/1
    94 | D:1      | XOM: divination: detect creatures
   120 | D:1      | Gained mutation: When seriously injured, your bleeding
                  | wounds create armour. (AC +6) [demonic ancestry]
   120 | D:1      | Reached XP level 2. HP: 23/24 MP: 2/2
   151 | D:1      | XOM: enchant monster (good)
   295 | D:1      | XOM: god gift: cyan potion {god gift}
   602 | D:1      | XOM: silly message
   750 | D:1      | Reached skill level 1 in Dodging
   877 | D:1      | XOM: summons 1 hostile demon
  1085 | D:2      | Found a radiant altar of Vehumet.
  1104 | D:2      | Reached XP level 3. HP: 4/30 MP: 3/3
  1361 | D:2      | XOM: 3-stop teleportation journey
  1373 | D:2      | HP: 1/30 [poisoned by an adder]
  1373 | D:2      | Slain by an adder

Illustrated notes

Levels and vault maps discovered:
D:1:      minmay_arrival_stair_chambers, layout_rooms
D:2:      layout_basic, vehumet_crystals

Skill      XL: |  1  2 |
---------------+-------+-----
Maces & Flails | 3 |  3.1
Armour         | 2 |  2.0
Dodging        | 1 |  1.0
Fighting       | |  3.7

Action                   || total
-------------------------++-------
Melee: Mace              ||    95
  Use: Scroll            ||     3
       Potion            ||     2
 Stab: Sleeping          ||     1
  Eat: Ration            ||     1
Armor: Leather armour    ||    46
Dodge: Dodged            ||    65
Block: Kite shield       ||    33
